 Dungeon Crawl Stone Soup version 0.29.0-4-gdea44cf6ec (webtiles) character file.

Game seed: 15978635827035341615

293 qw the Chopper (level 6, -2/38 HPs)
             Began as a Gargoyle Fighter on Sept 9, 2022.
             Killed from afar by an orc wizard (4 damage)
             ... with a magic dart
             ... on level 4 of the Dungeon.
             The game lasted 00:01:29 (3540 turns).

qw the Chopper (Gargoyle Fighter)                   Turns: 3540, Time: 00:01:30

Health: -2/38      AC: 17    Str: 21    XL:     6   Next: 33%
Magic:  0/6        EV:  5    Int:  9    God:
Gold:   228        SH:  4    Dex:  9    Spells: 5/5 levels left

rFire   . . .      SeeInvis .   Y - +1 war axe
rCold   . . .      Faith    .   c - +0 buckler
rNeg    + . .      Spirit   +   e - +0 plate armour
rPois   inf        Reflect  .   q - +0 helmet
rElec   +          Harm     .   (no cloak)
rCorr   .          Rampage  .   (no gloves)
Will    .....                   (no boots)
Stlth   ..........              m - amulet of guardian spirit
HPRegen 0.12/turn               (no ring)
MPRegen 0.10/turn               (no ring)

@: no status effects
A: sickness immunity, AC +4, negative energy resistance 1, electricity
resistance, torment resistance 1, petrification resistance
a: no special abilities


You were on level 4 of the Dungeon.
You visited 1 branch of the dungeon, and saw 4 of its levels.

You collected 228 gold pieces.


Innate Abilities, Weirdness & Mutations

You are immune to sickness and miasma.
Your stone body is resilient. (AC +4)
You are immune to poison.
You resist negative energy. (rN+)
You are resistant to electric shocks. (rElec)
You are resistant to unholy torment.
You are immune to petrification.


   Skills:
 - Level 4.0 Fighting
 + Level 5.4 Axes
 - Level 1.0 Throwing
 - Level 3.2 Armour
 - Level 0.2 Dodging
 - Level 3.2 Shields


You had 5 spell levels left.
You didn't know any spells.
Your spell library was empty.

Inventory:

Hand Weapons
 o - a +0 flail
 Y - a +1 war axe (weapon)
Missiles
 i - 7 javelins (quivered)
 n - a boomerang
Armour
 c - a +0 buckler (worn)
 e - a +0 plate armour (worn)
 q - a +0 helmet (worn)
Jewellery
 m - an amulet of guardian spirit (around neck)
Scrolls
 b - a scroll of blinking
 h - a scroll of identify
Potions
 a - a potion of haste
 d - 3 potions of might
 f - a potion of attraction {unknown}
 g - a potion of lignification {unknown}
 j - a potion of curing
 k - a potion of mutation {unknown}

Dungeon Overview and Level Annotations

Branches:
Dungeon (4/15)
 Temple: D:4-7

Altars:

Shops:
D:1 (*((


Message History

The orc priest is moderately wounded.
You closely miss something. You barely miss the orc wizard.
The orc priest hits you but does no damage.
The orc wizard hits you but does no damage.
Something hits you but does no damage.
You hit the orc priest.
The orc priest is severely wounded.
You miss the orc wizard. You barely miss something.
The orc priest casts a cantrip, but nothing happens.
The orc wizard hits you but does no damage.
Something hits you but does no damage.
The orc priest calls down the wrath of Beogh upon you.
Beogh smites you!
The orc wizard mumbles some strange words.
The orc wizard flickers and vanishes!
Something hits you but does no damage.
You hit the orc priest but do no damage.
The orc priest is severely wounded.
You miss something. You closely miss something.
The orc priest hits you but does no damage.
Something hits you but does no damage. x2
You barely miss the orc priest.
The orc priest is severely wounded.
You barely miss something. You closely miss something.
Something hits you but does no damage.
The orc priest hits you but does no damage.
Something hits you but does no damage.
You slash the orc priest!
You kill the orc priest!
You barely miss something. You completely miss something.
Something hits you but does no damage. x2
You hear some strange, mumbled words.
A magic dart appears from out of thin air!
The magic dart hits you. Something hits you but does no damage.
You completely miss something. You hit something but do no damage.
Something hits you but does no damage. Something hits you.
You completely miss something. You slash something!
You hear some strange, mumbled words.
A magic dart appears from out of thin air!
The magic dart hits you.
You die...

##.#.##
.?.(...
.......
.......
..... #
.[. .#
#.##.#.##.
#.<{......
#)@#......
#{.# #.##.
#..# #
####


There were no monsters in sight!

Vanquished Creatures
  A phantom (D:3)
  2 orc priests (D:4)
  An orc wizard (D:3)
  Robin (D:3)
  An adder (D:2)
  3 worms
  3 dart slugs
  7 orcs (D:3)
  9 endoplasms
  2 giant cockroaches
  15 goblins
  11 hobgoblins
  3 jackals (D:1)
  8 kobolds
  A quokka (D:1)
  3 ball pythons
  6 bats
  6 frilled lizards
  5 rats
88 creatures vanquished.

Notes
Turn   | Place    | Note
-------+----------+-------------------------------------------
     0 | D:1      | qw the Gargoyle Fighter began the quest for the Orb.
     0 | D:1      | Reached XP level 1. HP: 14/14 MP: 1/1
     0 | D:1      | 0 ||| qw: Version: 0.1-a-113-g051387a
     0 | D:1      | 0 ||| qw: Game counter: 6972
     0 | D:1      | 0 ||| qw: Always use a shield: true
     0 | D:1      | 0 ||| qw: God list: Okawaru
     0 | D:1      | 0 ||| qw: Allow faded altars: false
     0 | D:1      | 0 ||| qw: Do Orc after D:15 true
     0 | D:1      | 0 ||| qw: Do second Lair branch before Depths: true
     0 | D:1      | 0 ||| qw: Lair rune preference: random
     0 | D:1      | 0 ||| qw: Plans: Normal, Zot, God:TSO, Crypt, Tomb, Zig,
                  | Orb
     0 | D:1      | 0 ||| PLANNING D:1-11
    45 | D:1      | Reached skill level 2 in Axes
   117 | D:1      | Reached XP level 2. HP: 12/19 MP: 2/2
   164 | D:1      | 164 ||| Stepping ~*~*~tactically~*~*~ (stealth).
   167 | D:1      | 167 ||| Stepping ~*~*~tactically~*~*~ (stealth).
   184 | D:1      | 184 ||| Stepping ~*~*~tactically~*~*~ (stealth).
   185 | D:1      | 185 ||| Stepping ~*~*~tactically~*~*~ (stealth).
   187 | D:1      | 187 ||| Stepping ~*~*~tactically~*~*~ (stealth).
   239 | D:1      | Found Lemodeim's Weapon Emporium.
   247 | D:1      | 247 ||| SHOPLISTING +0 flail (45 gold, have 0).
   282 | D:1      | Found Cetiwi's Assorted Antiques.
   300 | D:1      | 300 ||| SHOPLISTING gilded ring (90 gold, have 0).
   300 | D:1      | 300 ||| SHOPLISTING glowing sapphire potion (16 gold, have
                  | 0).
   300 | D:1      | 300 ||| SHOPLISTING scroll labelled KADWOU KASI (18 gold,
                  | have 0).
   300 | D:1      | 300 ||| SHOPLISTING scroll labelled NYSCHO FABRYANY (18
                  | gold, have 0).
   300 | D:1      | 300 ||| SHOPLISTING scroll labelled ZAENTI DOUCH (18 gold,
                  | have 0).
   332 | D:1      | 332 ||| Stepping ~*~*~tactically~*~*~ (stealth).
   577 | D:1      | Reached skill level 3 in Axes
   658 | D:1      | 658 ||| Stepping ~*~*~tactically~*~*~ (stealth).
   742 | D:1      | Reached XP level 3. HP: 23/23 MP: 3/3
   917 | D:1      | Found a faded altar of an unknown god.
  1174 | D:1      | Found Sighalirgh's Weapon Emporium.
  1178 | D:1      | 1178 ||| SHOPLISTING +0 flail (45 gold, have 27).
  1409 | D:1      | Found Hoac's Antique Weapon Boutique.
  1430 | D:1      | 1430 ||| SHOPLISTING glowing mace (162 gold, have 67).
  1446 | D:1      | 1446 ||| Stepping ~*~*~tactically~*~*~ (stealth).
  1448 | D:1      | 1448 ||| Stepping ~*~*~tactically~*~*~ (stealth).
  1603 | D:1      | 1603 ||| READING 2 scrolls labelled FYSOON GACHI.
  1604 | D:1      | 1604 ||| READING scroll labelled GUHUUZ REHURR.
  1605 | D:1      | 1605 ||| READING 2 scrolls labelled ZAENTI DOUCH.
  1606 | D:1      | 1606 ||| READING scroll labelled YKEUXU KUUCKED.
  1664 | D:1      | 1664 ||| READING scroll labelled KADWOU KASI.
  1665 | D:1      | 1665 ||| DROPPING scroll of noise.
  1961 | D:2      | 1961 ||| Stepping ~*~*~tactically~*~*~ (stealth).
  1969 | D:2      | Reached skill level 1 in Throwing
  2067 | D:2      | Reached XP level 4. HP: 28/28 MP: 4/4
  2111 | D:2      | 2111 ||| Stepping ~*~*~tactically~*~*~ (stealth).
  2113 | D:2      | 2113 ||| Stepping ~*~*~tactically~*~*~ (hiding).
  2114 | D:2      | 2114 ||| Stepping ~*~*~tactically~*~*~ (hiding).
  2627 | D:2      | 2627 ||| UPGRADING to +3 scale mail.
  2637 | D:2      | 2637 ||| DROPPING +0 scale mail.
  2638 | D:2      | 2638 ||| UPGRADING to amulet of guardian spirit.
  2643 | D:2      | 2643 ||| READING scroll labelled QUEPEB HITIU.
  2666 | D:3      | Noticed a phantom
  2669 | D:3      | 2669 ||| STAIRDANCE
  2681 | D:3      | Killed a phantom
  2682 | D:3      | Reached skill level 4 in Axes
  2682 | D:3      | Reached XP level 5. HP: 32/32 MP: 5/5
  2846 | D:3      | 2846 ||| DROPPING +2 whip of draining.
  2918 | D:3      | Reached skill level 5 in Axes
  2940 | D:3      | 2940 ||| Stepping ~*~*~tactically~*~*~ (stealth).
  2943 | D:3      | 2943 ||| Stepping ~*~*~tactically~*~*~ (stealth).
  3011 | D:3      | 3011 ||| Stepping ~*~*~tactically~*~*~ (stealth).
  3038 | D:3      | 3038 ||| Stepping ~*~*~tactically~*~*~ (stealth).
  3039 | D:3      | Noticed Robin
  3040 | D:3      | 3040 ||| Stepping ~*~*~tactically~*~*~ (hiding).
  3058 | D:3      | Killed Robin
  3087 | D:3      | 3087 ||| Stepping ~*~*~tactically~*~*~ (stealth).
  3090 | D:3      | Reached XP level 6. HP: 38/38 MP: 6/6
  3436 | D:3      | 3436 ||| UPGRADING to +0 plate armour.
  3446 | D:3      | 3446 ||| DROPPING +3 scale mail.
  3447 | D:3      | 3447 ||| UPGRADING to +0 helmet.
  3452 | D:3      | 3452 ||| READING scroll labelled NYSCHO FABRYANY.
  3453 | D:3      | 3453 ||| READING scroll labelled XAHANO SOTEACK.
  3454 | D:3      | 3454 ||| DRINKING 2 sapphire potions.
  3455 | D:3      | 3455 ||| DRINKING 2 dark potions.
  3474 | D:4      | 3474 ||| PLANNING SEWER
  3480 | D:4      | 3480 ||| STAIRDANCE
  3516 | D:4      | 3516 ||| Stepping ~*~*~tactically~*~*~ (hiding).
  3517 | D:4      | 3517 ||| Stepping ~*~*~tactically~*~*~ (hiding).
  3521 | D:4      | 3521 ||| Stepping ~*~*~tactically~*~*~ (hiding).
  3535 | D:4      | HP: 6/38 [orc priest/divine providence (10)]
  3538 | D:4      | HP: 2/38 [something/magic dart (4)]
  3540 | D:4      | Killed from afar by an orc wizard

Levels and vault maps discovered:
D:1:      dpeg_arrival_erosion, layout_basic, chequers_ecumenical_altar_twisty,
          serial_shops, shop, shop, shop_coins, shop
D:2:      layout_basic, hangedman_glass_teeth, solitary_fountain
D:3:      layout_rooms, uniq_robin
D:4:      layout_loops_ring, eat_drink_and_be_merry_uskayaw,
          portal_sewer_entry_e, chequers_serial_rivers_micro_b, uniq_edmund,
          uniq_ijyb

Skill      XL: |  1  2  3  4  5 |
---------------+----------------+-----
Axes           | 2 3 4 5 |  5.4
Throwing       | 1 |  1.0
Fighting       | 4 |  4.0
Armour         | |  3.2
Dodging        | |  0.2
Shields        | |  3.2

Action                   |  1- 3 |  4- 6 || total
-------------------------+-------+-------++-------
Melee: War axe           |   151 |    92 ||   243
Throw: Javelin           |     5 |    25 ||    30
  Use: Scroll            |     5 |     3 ||     8
       Potion            |       |     2 ||     2
Armor: Scale mail        |    67 |    42 ||   109
       Plate armour      |       |    39 ||    39
Dodge: Dodged            |    76 |    24 ||   100
Block: Buckler           |    30 |    10 ||    40

Table legend:
 A = Non-vault XP
 B = Vault XP
 C = Vault XP percentage of total XP
 D = Non-vault monster count
 E = Vault monster count
 F = Vault count percentage of total count
                 A         B        C        D         E       F
            +---------+---------+-------+---------+---------+-------
      Total |     380 |      39 |   9.3 |      75 |      13 |  14.8
            +---------+---------+-------+---------+---------+-------
        D:1 |      48 |       0 |   0.0 |      30 |       0 |   0.0
        D:2 |      49 |       0 |   0.0 |      17 |       0 |   0.0
        D:3 |     197 |      39 |  16.5 |      25 |      13 |  34.2
        D:4 |      86 |       0 |   0.0 |       3 |       0 |   0.0
            +---------+---------+-------+---------+---------+-------
